 Dungeon Crawl Stone Soup version 0.31-a0-188-g5e087ee2ca (webtiles) character file.

Game seed: 12464173521356827187

39 qw the Shooter (level 3, -5/20 HPs)
             Began as a Deep Elf Hunter on June 23, 2023.
             Slain by Terence
             ... wielding a +1 mace of holy wrath
              (8 damage)
             ... on level 2 of the Dungeon.
             The game lasted 00:00:19 (782 turns).

qw the Shooter (Deep Elf Hunter)                     Turns: 782, Time: 00:00:20

Health: -5/20      AC:  5    Str: 10    XL:     3   Next: 26%
Magic:  5/5        EV: 11    Int: 13    God:
Gold:   64         SH:  0    Dex: 18    Spells: 2/2 levels left

rFire   . . .        Y - +0 shortbow
rCold   . . .        (shield currently unavailable)
rNeg    . . .        j - +0 ring mail
rPois   .            (no helmet)
rElec   .            (no cloak)
rCorr   +            (no gloves)
SInv    .            (no boots)
Will    .....        (no amulet)
Stlth   +            h - ring of resist corrosion
HPRegen 0.23/turn    (no ring)
MPRegen 0.09/turn

%: no passive effects
@: no status effects
A: no striking features
a: no special abilities


You were on level 2 of the Dungeon.
You visited 1 branch of the dungeon, and saw 2 of its levels.

You collected 64 gold pieces.


   Skills:
 - Level 1.5 Fighting
 + Level 6.8 Ranged Weapons
 - Level 2.4 Dodging
 - Level 1.2 Stealth


You had 2 spell levels left.
You didn't know any spells.
Your spell library was empty.

Inventory:

Hand Weapons
 Y - a +0 shortbow (weapon)
Armour
 b - the +0 leather armour of the Sun {rF+ MP+9 Slay-6}
   (You found it on level 2 of the Dungeon)

   Slay:      It affects your accuracy & damage with ranged weapons and melee
   (-6).
   rF:        It protects you from fire.
   MP:        It affects your magic capacity (+9).
 j - a +0 ring mail (worn)
Jewellery
 h - a ring of resist corrosion (left hand)
Scrolls
 c - a scroll of fear {unknown}
Potions
 a - a potion of degeneration {unknown}
 g - a potion of cancellation {unknown}
 i - a potion of curing

Dungeon Overview and Level Annotations

Branches:
Dungeon (2/15)

Altars:

Annotations:
D:2 Terence


Message History

An adder comes into view.
You shoot an arrow. The arrow hits the adder.
The adder hisses angrily.
The adder is heavily wounded.
You shoot an arrow. The arrow barely misses the adder.
You shoot an arrow. The arrow hits the adder.
The adder is almost dead.
The adder barely misses you.
You shoot an arrow. The arrow misses the adder.
The adder bites you.
You shoot an arrow. The arrow hits the adder.
You kill the adder!
You start resting.
HP restored.
Terence the Incautious comes into view.
He is wielding a +1 mace of holy wrath.
Terence shouts!
Terence moves out of view.
A rat comes into view.
Found a stone staircase leading down.
Enter note: You shoot an arrow.
The arrow hits the rat.
The rat is heavily wounded.
You shoot an arrow. The arrow hits the rat.
You kill the rat!
You shoot an arrow. The arrow hits Terence!
Terence is heavily wounded.
You shoot an arrow.
The arrow hits Terence but does no damage.
Terence is heavily wounded.
You shoot an arrow. The arrow barely misses Terence.
Terence drinks a potion.
Terence seems to grow stronger.
You shoot an arrow.
The arrow hits Terence but does no damage.
Terence is heavily wounded.
Terence hits you with a +1 mace of holy wrath!
Ouch! That really hurt!
You shoot an arrow. The arrow barely misses Terence.
Terence hits you with a +1 mace of holy wrath.
Terence hits you with a +1 mace of holy wrath!
You die...

...... ... #....
... #####.... ..
. ........... ..
...%....#.##.#
....>.......
........#.##
#@@..# ##.####.#
### #.......#
#<# #.#%.####
#.#######.#....#
#.......#.##.#.#
#######.#.# .#.#
#......# .. #
#......#####


You could see Terence (strong).

Vanquished Creatures
  An adder (D:2)
  A dart slug (D:1)
  4 endoplasms (D:1)
  3 goblins
  5 hobgoblins (D:1)
  A kobold (D:2)
  3 ball pythons
  5 bats (D:1)
  A frilled lizard (D:1)
  3 rats
27 creatures vanquished.

Notes
Turn   | Place    | Note
-------+----------+-------------------------------------------
     0 | D:1      | qw the Deep Elf Hunter began the quest for the Orb.
     0 | D:1      | Reached XP level 1. HP: 12/12 MP: 3/3
     0 | D:1      | 0 ||| qw: Version: 0.3-a-9-g12657ce
     0 | D:1      | 0 ||| qw: Game counter: 4113
     0 | D:1      | 0 ||| qw: Always use a shield: true
     0 | D:1      | 0 ||| qw: God list: Okawaru
     0 | D:1      | 0 ||| qw: Allow faded altars: false
     0 | D:1      | 0 ||| qw: Do Orc after D:15 true
     0 | D:1      | 0 ||| qw: Do second Lair branch before Depths: true
     0 | D:1      | 0 ||| qw: Lair rune preference: random
     0 | D:1      | 0 ||| qw: Plans: Normal
     0 | D:1      | 0 ||| PLANNING D:1-11
   184 | D:1      | Reached skill level 6 in Ranged Weapons
   184 | D:1      | Reached XP level 2. HP: 16/16 MP: 4/4
   609 | D:1      | 609 ||| UPGRADING to +0 ring mail.
   619 | D:1      | 619 ||| DROPPING +0 leather armour.
   620 | D:1      | 620 ||| UPGRADING to ring of resist corrosion.
   621 | D:1      | 621 ||| READING 2 scrolls labelled DODOUSK NAUGAE.
   622 | D:1      | 622 ||| READING scroll labelled OWUJUWO XAEF.
   623 | D:1      | 623 ||| READING scroll labelled YSHRO ANETHRU.
   626 | D:1      | 626 ||| DRINKING 2 clear potions.
   627 | D:1      | 627 ||| DROPPING scroll of vulnerability.
   628 | D:1      | 628 ||| DROPPING scroll of butterflies.
   694 | D:2      | Identified the +0 leather armour of the Sun {rF+ MP+9
                  | Slay-6}
   716 | D:2      | Reached XP level 3. HP: 20/20 MP: 5/5
   774 | D:2      | Noticed Terence
   782 | D:2      | HP: 3/20 [Terence/+1 mace of holy wrath (6)]
   782 | D:2      | Slain by Terence

Levels and vault maps discovered:
D:1:      nicolae_arrival_somewhat_less_tricky_arrival, layout_rooms,
          nicolae_titane
D:2:      layout_basic, uniq_terence

Skill      XL: |  1 |
---------------+----+-----
Ranged Weapons | 6 |  6.8
Fighting       | |  1.5
Dodging        | |  2.4
Stealth        | |  1.2

Action                     || total
---------------------------++-------
   Fire: Shortbow          ||    73
    Use: Scroll            ||     3
         Potion            ||     1
 Armour: Leather armour    ||     2
  Dodge: Dodged            ||     9

Table legend:
 A = Non-vault XP
 B = Vault XP
 C = Vault XP percentage of total XP
 D = Non-vault monster count
 E = Vault monster count
 F = Vault count percentage of total count
                 A         B        C        D         E       F
            +---------+---------+-------+---------+---------+-------
      Total |      56 |       0 |   0.0 |      27 |       0 |   0.0
            +---------+---------+-------+---------+---------+-------
        D:1 |      36 |       0 |   0.0 |      22 |       0 |   0.0
        D:2 |      20 |       0 |   0.0 |       5 |       0 |   0.0
            +---------+---------+-------+---------+---------+-------
